[ AOE2 MATCH · #505157598 ]
UnrankedVietnamese vs Spanish
Player's team · WIN
Rival team · LOSS
[ REPLAY ANALYSIS · EXTRACTED FROM THE RECORDED GAME ]
Feudal
10:37
Castle
21:02
Imperial
30:58
| APM avg | 77.5 |
| APM peak | 120 |
| eAPM avg | 28.7 |
| Villagers / military | 88 / 59 |
Focus
⚔️ 33.8% · 🌾 66.2%
Skirmisher ×51 · Monk ×4 · Militia ×3 · Spearman ×1
Feudal
8:58
Castle
22:48
Imperial
—
| APM avg | 58.4 |
| APM peak | 101 |
| eAPM avg | 31.1 |
| Villagers / military | 106 / 20 |
Focus
⚔️ 25.5% · 🌾 74.5%
Skirmisher ×13 · Mangonel ×4 · Spearman ×2 · Scorpion ×1
Match map
Initial resources + every placement click. Lines = walls · curves = elevation contours. ◆ gold · ⬟ stone · ● berries · ✦ relic · ◌ wall gap
Your base· ✓ Closed at 21:02 · 12t walls · 1 gate(s)
APs | Guna's base· ✓ Closed at 22:48 · 45t walls · 1 gate(s)
Smoothed initial terrain · ◌ = detected wall gap · hover for details
Inputs per minute
— BOA - - APs | Guna
Build order — BOA
First 150 of 271 actions detected
| 0:00 | Create | Villager (Male) |
| 0:01 | Build | House |
| 0:02 | Create | Villager (Male) |
| 0:02 | Create | Villager (Male) |
| 0:03 | Build | House |
| 0:03 | Create | Villager (Male) |
| 1:26 | Create | Villager (Male) |
| 1:48 | Build | Lumber Camp |
| 1:49 | Create | Villager (Male) |
| 2:20 | Create | Villager (Male) |
| 2:31 | Create | Villager (Male) |
| 3:04 | Create | Villager (Male) |
| 3:30 | Create | Villager (Male) |
| 3:48 | Build | House |
| 3:55 | Build | House |
| 4:09 | Create | Villager (Male) |
| 4:21 | Create | Villager (Male) |
| 4:28 | Build | Barracks |
| 4:49 | Build | House |
| 4:52 | Build | Palisade Wall |
| 4:55 | Build | Palisade Wall |
| 5:00 | Create | Villager (Male) |
| 5:00 | Create | Villager (Male) |
| 5:07 | Create | Villager (Male) |
| 5:28 | Create | Militia |
| 5:28 | Create | Militia |
| 6:22 | Create | Villager (Male) |
| 6:26 | Create | Villager (Male) |
| 6:32 | Build | Mill |
| 6:36 | Create | Villager (Male) |
| 6:50 | Create | Villager (Male) |
| 7:08 | Research | Loom |
| 7:23 | Build | Farm |
| 7:48 | Build | Farm |
| 8:14 | Research | Feudal Age |
| 9:20 | Build | Mining Camp |
| 9:37 | Create | Villager (Male) |
| 9:41 | Build | House |
| 9:59 | Create | Militia |
| 10:24 | Build | House |
| 10:25 | Build | Palisade Wall |
| 10:25 | Build | Palisade Wall |
| 10:37 | Age | Feudal Age |
| 10:41 | Research | Horse Collar |
| 10:42 | Research | Double-Bit Axe |
| 10:51 | Build | Archery Range |
| 10:53 | Research | Man-at-Arms (upgrade) |
| 11:15 | Build | Farm |
| 11:16 | Create | Villager (Male) |
| 11:20 | Build | Farm |
| 11:20 | Create | Villager (Male) |
| 11:32 | Research | Man-at-Arms (upgrade) |
| 11:38 | Build | Farm |
| 11:43 | Build | Farm |
| 11:53 | Build | Palisade Gate |
| 11:54 | Create | Skirmisher |
| 11:57 | Build | Farm |
| 11:57 | Create | Villager (Male) |
| 12:02 | Build | Farm |
| 12:02 | Create | Villager (Male) |
| 12:04 | Create | Villager (Male) |
| 12:06 | Create | Villager (Male) |
| 12:14 | Create | Skirmisher |
| 12:17 | Create | Villager (Male) |
| 12:26 | Build | Farm |
| 12:41 | Build | House |
| 12:42 | Create | Villager (Male) |
| 12:55 | Build | House |
| 12:57 | Create | Skirmisher |
| 13:02 | Build | House |
| 13:03 | Build | Palisade Wall |
| 13:05 | Create | Skirmisher |
| 13:14 | Create | Skirmisher |
| 13:35 | Build | House |
| 13:37 | Create | Skirmisher |
| 13:47 | Build | Farm |
| 13:49 | Build | Mill |
| 13:49 | Create | Villager (Male) |
| 13:51 | Create | Skirmisher |
| 14:13 | Build | Blacksmith |
| 14:15 | Create | Villager (Male) |
| 14:29 | Build | Farm |
| 14:32 | Create | Skirmisher |
| 14:40 | Build | House |
| 14:42 | Create | Villager (Male) |
| 14:46 | Create | Villager (Male) |
| 15:00 | Research | Fletching |
| 15:01 | Create | Villager (Male) |
| 15:20 | Build | House |
| 15:20 | Create | Villager (Male) |
| 15:30 | Research | Padded Archer Armor |
| 15:51 | Create | Villager (Male) |
| 16:03 | Build | House |
| 16:04 | Build | House |
| 16:32 | Build | Farm |
| 16:33 | Build | Farm |
| 16:35 | Build | Farm |
| 16:36 | Build | Farm |
| 16:37 | Build | Lumber Camp |
| 16:46 | Create | Villager (Male) |
| 16:50 | Create | Skirmisher |
| 17:08 | Build | House |
| 17:08 | Build | House |
| 17:24 | Create | Villager (Male) |
| 17:26 | Build | Farm |
| 17:26 | Build | Farm |
| 17:27 | Build | Farm |
| 17:27 | Build | Farm |
| 17:44 | Create | Villager (Male) |
| 17:46 | Build | Farm |
| 17:46 | Build | Farm |
| 18:22 | Research | Castle Age |
| 18:53 | Create | Skirmisher |
| 19:10 | Create | Skirmisher |
| 19:12 | Build | Farm |
| 19:12 | Build | Farm |
| 19:13 | Create | Spearman |
| 19:42 | Create | Skirmisher |
| 19:46 | Create | Villager (Male) |
| 20:03 | Create | Skirmisher |
| 20:04 | Create | Villager (Male) |
| 20:19 | Research | Wheelbarrow |
| 20:20 | Research | Gold Mining |
| 20:30 | Create | Skirmisher |
| 20:44 | Create | Skirmisher |
| 21:02 | Age | Castle Age |
| 21:04 | Build | Town Center |
| 21:05 | Research | Bow Saw |
| 21:11 | Research | Elite Skirmisher (upgrade) |
| 21:12 | Research | Bodkin Arrow |
| 21:16 | Research | Leather Archer Armor |
| 21:17 | Create | Villager (Male) |
| 21:25 | Create | Villager (Male) |
| 21:40 | Create | Skirmisher |
| 21:51 | Research | Heavy Plow |
| 21:54 | Create | Skirmisher |
| 22:00 | Build | Farm |
| 22:01 | Build | Farm |
| 22:03 | Create | Skirmisher |
| 22:10 | Create | Skirmisher |
| 22:11 | Create | Villager (Male) |
| 22:14 | Create | Villager (Male) |
| 22:27 | Build | Town Center |
| 22:36 | Create | Villager (Male) |
| 22:36 | Create | Villager (Male) |
| 22:38 | Create | Skirmisher |
| 23:15 | Build | Farm |
| 23:15 | Build | Farm |
| 23:17 | Create | Villager (Male) |
| 23:21 | Create | Villager (Male) |
Build order — APs | Guna
First 150 of 274 actions detected
| 0:01 | Create | Villager (Male) |
| 0:01 | Create | Villager (Male) |
| 0:01 | Create | Villager (Male) |
| 0:02 | Build | House |
| 0:03 | Build | House |
| 0:04 | Create | Villager (Male) |
| 1:26 | Create | Villager (Male) |
| 1:54 | Create | Villager (Male) |
| 1:54 | Create | Villager (Male) |
| 2:33 | Create | Villager (Male) |
| 2:33 | Create | Villager (Male) |
| 2:57 | Create | Villager (Male) |
| 2:58 | Create | Villager (Male) |
| 2:58 | Create | Villager (Male) |
| 3:05 | Build | Lumber Camp |
| 3:22 | Create | Villager (Male) |
| 3:22 | Create | Villager (Male) |
| 4:09 | Create | Villager (Male) |
| 4:09 | Create | Villager (Male) |
| 4:18 | Build | House |
| 4:26 | Create | Villager (Male) |
| 4:26 | Create | Villager (Male) |
| 4:43 | Build | Mill |
| 4:58 | Create | Villager (Male) |
| 4:59 | Create | Villager (Male) |
| 5:54 | Research | Loom |
| 6:37 | Build | Palisade Wall |
| 6:43 | Build | Palisade Wall |
| 6:46 | Build | Palisade Wall |
| 6:48 | Research | Feudal Age |
| 6:49 | Research | Feudal Age |
| 7:02 | Build | House |
| 7:03 | Build | Palisade Wall |
| 7:04 | Build | Palisade Wall |
| 7:42 | Build | Barracks |
| 8:21 | Build | Palisade Wall |
| 8:24 | Create | Villager (Male) |
| 8:58 | Age | Feudal Age |
| 9:01 | Build | Archery Range |
| 9:21 | Research | Double-Bit Axe |
| 9:30 | Create | Villager (Male) |
| 9:36 | Create | Villager (Male) |
| 9:43 | Build | Mill |
| 9:55 | Build | House |
| 10:03 | Create | Villager (Male) |
| 10:14 | Create | Villager (Male) |
| 10:17 | Create | Skirmisher |
| 10:23 | Create | Villager (Male) |
| 10:27 | Build | Palisade Wall |
| 10:42 | Build | House |
| 10:46 | Create | Spearman |
| 10:53 | Create | Villager (Male) |
| 10:57 | Build | Palisade Wall |
| 11:16 | Create | Villager (Male) |
| 11:24 | Create | Skirmisher |
| 11:33 | Build | Mining Camp |
| 11:49 | Build | Palisade Gate |
| 11:50 | Create | Villager (Male) |
| 11:53 | Build | Palisade Wall |
| 11:56 | Create | Villager (Male) |
| 12:06 | Build | Farm |
| 12:07 | Build | Farm |
| 12:10 | Create | Villager (Male) |
| 12:13 | Create | Skirmisher |
| 12:30 | Build | Farm |
| 12:32 | Create | Villager (Male) |
| 12:45 | Create | Skirmisher |
| 12:58 | Create | Skirmisher |
| 13:08 | Build | Farm |
| 13:11 | Create | Skirmisher |
| 13:33 | Create | Skirmisher |
| 13:34 | Create | Villager (Male) |
| 13:35 | Create | Villager (Male) |
| 13:36 | Build | Farm |
| 13:36 | Build | Farm |
| 13:36 | Build | Farm |
| 13:37 | Create | Villager (Male) |
| 13:41 | Build | House |
| 13:49 | Research | Town Watch |
| 13:50 | Create | Villager (Male) |
| 13:52 | Build | House |
| 14:04 | Build | Palisade Wall |
| 14:10 | Build | Farm |
| 14:10 | Build | Farm |
| 14:10 | Build | Farm |
| 14:13 | Create | Villager (Male) |
| 14:20 | Build | House |
| 14:34 | Build | Farm |
| 15:06 | Create | Villager (Male) |
| 15:10 | Build | Blacksmith |
| 15:11 | Create | Villager (Male) |
| 15:14 | Build | Farm |
| 15:15 | Build | Farm |
| 15:18 | Create | Villager (Male) |
| 15:41 | Build | Farm |
| 15:42 | Build | Farm |
| 15:44 | Build | Farm |
| 15:46 | Create | Skirmisher |
| 15:48 | Build | House |
| 16:15 | Research | Padded Archer Armor |
| 16:16 | Create | Villager (Male) |
| 16:19 | Build | Farm |
| 16:21 | Build | Farm |
| 16:21 | Create | Villager (Male) |
| 16:24 | Build | House |
| 16:25 | Build | House |
| 16:36 | Build | Farm |
| 16:39 | Create | Skirmisher |
| 16:49 | Build | House |
| 16:51 | Build | Palisade Wall |
| 17:05 | Create | Skirmisher |
| 17:06 | Create | Villager (Male) |
| 17:22 | Create | Skirmisher |
| 17:22 | Create | Villager (Male) |
| 17:27 | Build | Farm |
| 17:29 | Build | Farm |
| 17:31 | Build | Farm |
| 17:36 | Build | Palisade Wall |
| 17:37 | Build | Palisade Wall |
| 17:45 | Create | Skirmisher |
| 17:46 | Create | Villager (Male) |
| 17:59 | Create | Skirmisher |
| 18:09 | Build | Farm |
| 18:50 | Create | Villager (Male) |
| 19:01 | Create | Villager (Male) |
| 19:08 | Create | Villager (Male) |
| 19:11 | Build | Farm |
| 19:12 | Build | Farm |
| 19:13 | Build | Farm |
| 19:16 | Build | Lumber Camp |
| 19:27 | Build | Palisade Wall |
| 19:32 | Create | Villager (Male) |
| 19:42 | Build | Farm |
| 19:43 | Build | Farm |
| 19:44 | Create | Spearman |
| 20:08 | Research | Castle Age |
| 20:27 | Research | Gold Mining |
| 20:31 | Research | Horse Collar |
| 20:31 | Research | Horse Collar |
| 20:58 | Build | House |
| 22:08 | Build | Palisade Wall |
| 22:30 | Build | House |
| 22:44 | Create | Villager (Male) |
| 22:48 | Age | Castle Age |
| 22:52 | Build | Siege Workshop |
| 22:54 | Build | Town Center |
| 22:54 | Create | Villager (Male) |
| 23:15 | Build | House |
| 23:19 | Create | Scorpion |
| 23:21 | Create | Villager (Male) |
Match timeline
| 4:28 | BOA · first_building Barracks |
| 4:52 | BOA · wall_segment Palisade Wall x2 |
| 4:55 | BOA · wall_segment Palisade Wall x1 |
| 6:37 | APs | Guna · wall_segment Palisade Wall x3 |
| 6:43 | APs | Guna · wall_segment Palisade Wall x6 |
| 6:46 | APs | Guna · wall_segment Palisade Wall x5 |
| 7:03 | APs | Guna · wall_segment Palisade Wall x6 |
| 7:04 | APs | Guna · wall_segment Palisade Wall x1 |
| 7:42 | APs | Guna · first_building Barracks |
| 8:21 | APs | Guna · wall_segment Palisade Wall x1 |
| 8:58 | APs | Guna · age_up feudal |
| 9:01 | APs | Guna · first_building Archery Range |
| 10:25 | BOA · wall_segment Palisade Wall x1 |
| 10:25 | BOA · wall_segment Palisade Wall x1 |
| 10:27 | APs | Guna · wall_segment Palisade Wall x11 |
| 10:37 | BOA · age_up feudal |
| 10:51 | BOA · first_building Archery Range |
| 10:57 | APs | Guna · wall_segment Palisade Wall x1 |
| 11:53 | APs | Guna · wall_segment Palisade Wall x6 |
| 13:03 | BOA · wall_segment Palisade Wall x7 |
| 14:04 | APs | Guna · wall_segment Palisade Wall x1 |
| 16:51 | APs | Guna · wall_segment Palisade Wall x1 |
| 17:36 | APs | Guna · wall_segment Palisade Wall x1 |
| 17:37 | APs | Guna · wall_segment Palisade Wall x1 |
| 19:27 | APs | Guna · wall_segment Palisade Wall x1 |
| 21:02 | BOA · age_up castle |
| 22:08 | APs | Guna · wall_segment Palisade Wall x1 |
| 22:48 | APs | Guna · age_up castle |
| 22:52 | APs | Guna · first_building Siege Workshop |
| 24:16 | APs | Guna · wall_segment Palisade Wall x1 |
| 24:30 | APs | Guna · wall_segment Palisade Wall x1 |
| 25:35 | BOA · first_building Monastery |
| 25:52 | APs | Guna · first_market_buy 100 wood |
| 29:36 | APs | Guna · wall_segment Palisade Wall x1 |
| 30:21 | APs | Guna · wall_segment Palisade Wall x1 |
| 30:57 | APs | Guna · wall_segment Palisade Wall x1 |
| 30:58 | BOA · age_up imperial |
| 32:03 | APs | Guna · first_building Castle |
| 32:39 | APs | Guna · resign |
[ AI ANALYSIS · 1 CREDIT ]
What really happened in this match?
Wolo.gg analyzes every decision: build order, eco, micro, common mistakes by bracket. Personalized analysis on WhatsApp or Discord in 30 seconds.
Civ guide
Vietnamese
Perfil
Jugador #65647